 Dungeon Crawl Stone Soup version 0.22-a0-515-g75794bf (webtiles) character file.

122 inc the Chiller (level 5, -2/31 HPs)
             Began as an Octopode Ice Elementalist on June 19, 2018.
             Slain by an orc (5 damage)
             ... on level 4 of the Dungeon.
             The game lasted 00:05:20 (2776 turns).

inc the Chiller (Octopode Ice Elementalist)         Turns: 2776, Time: 00:05:20

Health: -2/31      AC:  1    Str:  7    XL:     5   Next: 6%
Magic:  8/8        EV: 10    Int: 18    God:
Gold:   76         SH:  0    Dex: 13    Spells: 4/8 levels left

rFire    . . .     SeeInvis .   l - -2 spear (curse)
rCold    . . .     Gourm    .   (no shield)
rNeg     . . .     Faith    .   (helmet restricted)
rPois    .         Spirit   .   (no amulet)
rElec    .         Reflect  .   (no ring)
rCorr    .         Harm     .   (no ring)
MR       .....                  (no ring)
Stlth    +++.......             (no ring)
HPRegen  0.10/turn              (no ring)
MPRegen  0.11/turn              (no ring)
                                (no ring)
                                (no ring)

@: constricted
A: almost no armour, stealthy swim, amphibious, 8 rings, constrict 8, camouflage
1, gelatinous body 1
a: no special abilities


You were on level 4 of the Dungeon.
You were very hungry.

You visited 1 branch of the dungeon, and saw 4 of its levels.

You collected 76 gold pieces.

Inventory:

Hand Weapons
 l - a cursed -2 spear (weapon)
Jewellery
 m - an uncursed amulet of faith {unknown}
Scrolls
 c - a scroll of immolation
 f - 2 scrolls of teleportation
 h - a scroll of identify
Potions
 a - a potion of heal wounds {unknown}
 d - a potion of lignification {unknown}
 e - a potion of haste
 g - a potion of resistance
Comestibles
 b - 7 rations


   Skills:
 - Level 2.0 Dodging
 - Level 2.6 Stealth
 - Level 2.0 Spellcasting
   Level 1.0 Conjurations
 + Level 5.6 Ice Magic


You had 4 spell levels left.
You knew the following spells:

 Your Spells              Type           Power        Failure   Level  Hunger
a - Freeze                Ice            ###.         1%          1    #......
b - Ozocubu's Armour      Chrm/Ice       ##......     17%         3    ###....

Your spell library contained the following spells:

 Spells                   Type           Power        Failure   Level  Hunger
 Throw Frost              Conj/Ice       ##....       7%          2    ###....
 Summon Ice Beast         Ice/Summ       ##......     50%         4    #####..
 Throw Icicle             Conj/Ice       ##......     43%         4    #####..


Dungeon Overview and Level Annotations

Branches:
Dungeon (4/15)
 Temple: D:4-7

Altars:
Okawaru


Innate Abilities, Weirdness & Mutations

You cannot wear most types of armour.
You are very stealthy in the water. (Stealth+)
You are amphibious.
You can wear up to eight rings at the same time.
You can use your tentacles to constrict eight enemies at once.
Your skin changes colour to match your surroundings (Stealth+).
Your rubbery body absorbs attacks. (AC +1, EV +1)


Message History

* * * LOW HITPOINT WARNING * * *
The ball python constricts you.
The howler monkey skeleton barely misses you.
The iguana barely misses you. The ball python bites you.
* * * LOW HITPOINT WARNING * * *
x2 The ball python constricts you.
Unknown command.
You escape the ball python's grasp.
The iguana bites you but does no damage.
Unknown command.
The ball python misses you. x2
The giant cockroach waves its antennae.
The ball python completely misses you. The ball python closely misses you. x2
The ball python grabs you.
* * * LOW HITPOINT WARNING * * *
The ball python constricts you.
Unknown command.
You hit the iguana but do no damage. Your grab misses the iguana.
The orc hits you.
You die...

#...≈≈≈........
#..≈≈≈≈≈....#
#..≈≈.≈≈....###
#..≈≈≈≈≈......##
#...≈≈≈.....<.r##
..........l.o...##
............r..sZ#
..............lSo#
..............Sl@#
...............s.#
...................
...........#...
.......##....
#####. ...... ##
#...... #.......


You could see 3 iguanas, 2 orcs, 2 giant cockroaches, 2 ball pythons, 2 rats and
a howler monkey skeleton.

Vanquished Creatures
  3 worker ants (D:4)
  2 worms
  2 dart slugs
  A leopard gecko (D:1)
  An orc (D:3)
  5 bats
  4 giant cockroaches
  4 goblins (D:1)
  2 hobgoblins
  4 frilled lizards
  7 kobolds
  11 rats
46 creatures vanquished.

Notes
Turn   | Place    | Note
-------+----------+-------------------------------------------
     0 | D:1      | inc the Octopode Ice Elementalist began the quest for the Orb.
     0 | D:1      | Reached XP level 1. HP: 11/11 MP: 3/3
   167 | D:1      | Reached XP level 2. HP: 7/17 MP: 3/5
   968 | D:1      | Reached skill level 4 in Ice Magic
   981 | D:1      | Reached XP level 3. HP: 21/21 MP: 3/6
  2144 | D:4      | Found an iron altar of Okawaru.
  2165 | D:4      | Reached skill level 5 in Ice Magic
  2165 | D:4      | Reached XP level 4. HP: 17/27 MP: 3/7
  2452 | D:4      | Reached XP level 5. HP: 10/31 MP: 0/8
  2550 | D:4      | Learned a level 3 spell: Ozocubu's Armour
  2554 | D:4      | Noticed an ogre
  2755 | D:4      | Found a glowing drain.
  2776 | D:4      | Slain by an orc

Vault maps used:
D:1:      saegor_arrival_simple_a, corexii_corridor_pit
D:2:      gammafunk_temple_overflow_pools, minmay_tall_x
D:4:      overflow_temple_1_default, first_ration, portal_sewer_entry_a,
          hangedman_decor_peaks_small

Skill      XL: |  1  2  3 |
---------------+----------+-----
Ice Magic      | 4 5 |  5.6
Dodging        | |  2.0
Stealth        | |  2.6
Spellcasting   | |  2.0
Conjurations   | |  1.0

Action                   |  1- 3 |  4- 6 || total
-------------------------+-------+-------++-------
Melee: Unarmed           |    40 |       ||    40
       Constrict         |    19 |     1 ||    20
       Tentacles         |     3 |       ||     3
       Spear             |       |     3 ||     3
 Cast: Freeze            |    49 |     8 ||    57
  Use: Scroll            |     8 |       ||     8
       Potion            |       |     1 ||     1
 Stab: Sleeping          |     8 |       ||     8
  Eat: Chunk             |     4 |     1 ||     5
Armor: Skin              |     3 |     7 ||    10
Dodge: Dodged            |    38 |    22 ||    60

Table legend:
 A = Spawn XP
 B = Non-spawn XP
 C = Spawn XP percentage of total XP
 D = Spawn monster count
 E = Non-spawn monster count
 F = Spawn count percentage of total count
 G = Total turns spent on level
                    A         B        C        D         E        F      G
               +---------+---------+-------+---------+---------+-------+---------
         Total |       0 |     175 |   0.0 |       0 |      46 |   0.0 |  2776
               +---------+---------+-------+---------+---------+-------+---------
           D:1 |       0 |      37 |   0.0 |       0 |      24 |   0.0 |  1213
           D:2 |       0 |      22 |   0.0 |       0 |      10 |   0.0 |   192
           D:3 |       0 |      17 |   0.0 |       0 |       9 |   0.0 |   853
           D:4 |       0 |      99 |   0.0 |       0 |       3 |   0.0 |   518
               +---------+---------+-------+---------+---------+-------+---------
